 Dungeon Crawl Stone Soup version 0.28-a0-1117-g0bdd5ba030 (webtiles) character file.

Game seed: 8510666676220609049

1750 vurker the Zephyrmancer (level 8, 7/38 HPs)
             Began as a Felid Air Elementalist on Dec 11, 2021.
             Quit the game on level 6 of the Dungeon.
             The game lasted 00:08:34 (8776 turns).

vurker the Zephyrmancer (Felid Air Elementalist)    Turns: 8776, Time: 00:08:34

Health: 7/38       AC: -14   Str:  4    XL:     8   Next: 78%
Magic:  2/21       EV: 18    Int: 21    God:
Gold:   331        SH:  0    Dex: 22    Spells: 18/23 levels left
                                        Lives:  1   Deaths: 1

rFire   . . .      SeeInvis +   (weapon unavailable)
rCold   . . .      Faith    .   (shield unavailable)
rNeg    . . .      Spirit   .   (armour unavailable)
rPois   +          Reflect  .   (helmet unavailable)
rElec   .          Harm     .   (cloak unavailable)
rCorr   .          Rampage  .   (gloves unavailable)
Will    +....                   (boots unavailable)
Stlth   +++.......              (no amulet)
HPRegen 0.12/turn               r - +6 ring of dexterity
MPRegen 0.17/turn               m - ring of poison resistance

@: corroded, quick
A: very small, claws 1, fangs 3, see invisible, speed 1, shaggy fur 2, stealthy
paws, no weapons or thrown items, no armour, multi-lived
a: no special abilities


You were on level 6 of the Dungeon.
You visited 2 branches of the dungeon, and saw 7 of its levels.

You collected 331 gold pieces.

Inventory:

Jewellery
 e - a ring of flight
   (You found it on level 1 of the Dungeon)
 m - a ring of poison resistance (right paw)
   (You found it on level 3 of the Dungeon)
 p - a ring of ice
   (You found it on level 4 of the Dungeon)
 r - a +6 ring of dexterity (left paw)
   (You found it on level 4 of the Dungeon)
Wands
 u - a wand of paralysis (3)
   (You found it on level 5 of the Dungeon)
 v - a wand of digging (5)
   (You found it on level 4 of the Dungeon)
 x - a wand of acid (8)
   (You found it on level 3 of the Dungeon)
Scrolls
 a - a scroll of brand weapon {unknown}
 b - a scroll of torment {unknown}
 f - a scroll of teleportation {unknown}
 g - 5 scrolls of identify {unknown}
 h - 2 scrolls of fog {unknown}
 k - a scroll of vulnerability {unknown}
 l - a scroll of magic mapping {unknown}
 t - a scroll of silence {unknown}
 w - 2 scrolls of blinking {unknown}
 y - a scroll of immolation {unknown}
Potions
 c - 2 potions of lignification {unknown}
 d - 3 potions of haste {unknown}
 i - 2 potions of heal wounds {unknown}
 j - 2 potions of flight {unknown}
 n - 3 potions of magic {unknown}
 o - 3 potions of mutation {unknown}
 q - a potion of berserk rage {unknown}
 s - a potion of resistance {unknown}
 z - a potion of degeneration {unknown}


   Skills:
 + Level 5.8 Fighting
 - Level 2.6 Dodging
 - Level 2.6 Stealth
 * Level 8.0 Spellcasting
 - Level 3.0 Conjurations
 * Level 8.2 Air Magic


You had 18 spell levels left.
You knew the following spells:

 Your Spells              Type           Power      Damage    Failure   Level
a - Shock                 Conj/Air       100%       1d9       1%          1
c - Airstrike             Air            21%        N/A       2%          4

Your spell library contained the following spells:

 Spells                   Type           Power      Damage    Failure   Level
 Static Discharge         Conj/Air       32%        N/A       1%          2
 Swiftness                Air            43%        N/A       1%          3
 Summon Small Mammal      Summ           32%        N/A       8%          1
 Scorch                   Fire           16%        2d6       12%         2
 Call Canine Familiar     Summ           8%         N/A       24%         3
 Summon Guardian Golem    Hex/Summ       8%         N/A       24%         3
 Flame Wave               Conj/Fire      14%        2d5       38%         4
 Summon Cactus Giant      Summ           4%         N/A       100%        6


Dungeon Overview and Level Annotations

Branches:
Dungeon (6/15)             Temple (1/1) D:6

Altars:
Ashenzari
Cheibriados
Elyvilon
Fedhas
Gozag
Hepliaklqana
Makhleb
Nemelex Xobeh
Okawaru
Qazlal
Ru
Sif Muna
Trog
Uskayaw
Wu Jian
Xom
Yredelemnul
Zin
The Shining One

Annotations:
D:3 1 runed translucent door, Yorgos's ghost, amateur DjGl


Innate Abilities, Weirdness & Mutations

You have sharp claws.
You have razor-sharp teeth.
You have supernaturally acute eyesight. (SInv)
You cover ground quickly. (Speed+)
You are covered in thick fur. (AC +2)
Your paws help you pounce on unaware monsters.
You are incapable of wielding weapons or throwing items.
You cannot wear armour.
You gain extra lives every three experience levels.


Message History

Okay, then.
Aim: a rust devil (lightly wounded, covered in acid, empty space bonus: 1/8)
The air twists around and strikes the rust devil!
The rust devil completely misses you.
Aim: a rust devil (moderately wounded, covered in acid, empty space bonus: 1/8)
The air twists around and strikes the rust devil!
The rust devil hits you!
* * * LOW HITPOINT WARNING * * *
The rust devil corrodes you!
Aim: a rust devil (heavily wounded, covered in acid, empty space bonus: 1/8)
The air twists around and strikes the rust devil.
The rust devil misses you.
Unknown command.
Aim: a rust devil (severely wounded, covered in acid, empty space bonus: 1/8)
The air twists around and strikes the rust devil.
The rust devil hits you.
* * * LOW HITPOINT WARNING * * *
The rust devil corrodes you!
You don't have enough magic to cast this spell.
Unknown command.
You don't have enough magic to cast this spell.
You don't have enough magic to cast this spell.
Unknown command.
You don't have enough magic to cast this spell.
Unknown command.
You don't have enough magic to cast this spell.
Unknown command.
You don't have enough magic to cast this spell.
Unknown command.
You don't have enough magic to cast this spell.
Aim: a rust devil (severely wounded, covered in acid, 81% to hit)
That beam is likely to hit you.
Continue anyway? [Y]es or [N]o only, please.
That beam is likely to hit you.
Continue anyway? [Y]es or [N]o only, please.
That beam is likely to hit you.
Continue anyway?
Okay, then.
Aim: a rust devil (severely wounded, covered in acid, 81% to hit)
That beam is likely to hit you.
Continue anyway?
Okay, then.
Aim: a rust devil (severely wounded, covered in acid, 81% to hit)
That beam is likely to hit you.
Continue anyway?
Okay, then.
Aim: a rust devil (severely wounded, covered in acid, 81% to hit)
That beam is likely to hit you.
Continue anyway?
Okay, then.
Aim: a rust devil (severely wounded, covered in acid, 81% to hit)
That beam is likely to hit you.
Continue anyway?
Okay, then.
There are monsters nearby!

#.#..(.# #.######.#.# #.#.##.#
#.# #.#.# #.#.##.# #.# #.#.#
#.#....# #.# #.#.# #.######
#.######.#.#
#.########........#.#
#.).............).#.#
##################[#.# ###
......#...[....#@#.#.# #..
#.###....#####.#4#.#.######## #..
#....<.......#.#4..#........# #..
#..##.....##.#[#####........###..
..........#........>.............
##.###....#..#.##.#'#.......###..
#.# ##.#.#..#.#............# #..
#.# #.#.#..#.#............#####
#.# #.#.#..#.#.................


You could see 2 rust devils.

Vanquished Creatures
  A two-headed ogre (D:6)
  A hornet (D:6)
  Sigmund (D:2)
  3 orc warriors (D:6)
  An ice beast (D:5)
  2 sky beasts
  A black bear (D:6)
  2 necrophages
  2 ogres
  3 phantoms (D:6)
  2 bullfrogs (D:6)
  3 scorpions
  A water moccasin zombie (D:6)
  A wyvern skeleton (D:6)
  A howler monkey (D:5)
  A centaur zombie (D:6)
  A bullfrog zombie (D:5)
  2 jellies (D:6)
  3 orc priests
  2 hounds
  A gnoll shaman (D:4)
  5 iguanas
  An orc wizard (D:6)
  4 gnolls
  9 adders
  2 shadow imps
  2 white imps (D:6)
  A worm (D:3)
  3 dart slugs
  9 orcs
  5 endoplasms
  5 giant cockroaches
  2 goblins
  4 hobgoblins
  2 jackals (D:3)
  4 quokkas
  10 ball pythons
  6 bats
  3 frilled lizards (D:1)
  6 kobolds
  3 rats (D:1)
121 creatures vanquished.

Vanquished Creatures (others)
  4 plants (D:1)
4 creatures vanquished.

Grand Total: 125 creatures vanquished

Notes
Turn   | Place    | Note
-------+----------+-------------------------------------------
     0 | D:1      | vurker the Felid Air Elementalist began the quest for the
                  | Orb.
     0 | D:1      | Reached XP level 1. HP: 7/7 MP: 4/4
   100 | D:1      | Reached skill level 1 in Conjurations
   217 | D:1      | Reached XP level 2. HP: 12/12 MP: 4/6
  1242 | D:2      | Reached XP level 3. HP: 15/15 MP: 4/7
  1435 | D:2      | Reached skill level 1 in Fighting
  1506 | D:2      | Noticed Sigmund
  1569 | D:2      | Killed Sigmund
  1570 | D:2      | Reached XP level 4. HP: 19/19 MP: 0/10
  1570 | D:2      | Reached XP level 5. HP: 22/22 MP: 0/11
  2149 | D:2      | Found a faded altar of an unknown god.
  2376 | D:3      | Found an opulent altar of Gozag.
  2383 | D:3      | Found a glowing golden altar of the Shining One.
  2388 | D:3      | Found a burning altar of Makhleb.
  2932 | D:3      | Gained mutation: You are covered in thick fur. (AC +2)
                  | [Felid growth]
  2932 | D:3      | Reached XP level 6. HP: 9/26 MP: 1/12
  3225 | D:3      | Noticed an orc warrior
  3399 | D:3      | Found a runed translucent door.
  3401 | D:3      | Noticed Yorgos's ghost (amateur DjGl)
  4375 | D:4      | Noticed a sky beast
  4400 | D:3      | Learned a level 4 spell: Airstrike
  4456 | D:4      | Reached XP level 7. HP: 24/30 MP: 6/14
  4922 | D:5      | Entered Level 5 of the Dungeon
  4946 | D:5      | Reached skill level 5 in Air Magic
  5510 | D:5      | Reached skill level 5 in Spellcasting
  5964 | D:5      | Reached XP level 8. HP: 35/35 MP: 11/17
  6105 | D:5      | Found a sacrificial altar of Ru.
  6676 | D:6      | Identified the ring of Mytyukeps {Drain +Blink rN+ Str+3
                  | Dex+6}
  6927 | D:6      | Noticed a hornet
  6933 | D:6      | Killed a hornet
  7041 | D:6      | Reached XP level 9. HP: 33/40 MP: 14/20
  7319 | D:6      | Reached skill level 5 in Fighting
  7423 | D:6      | Found a staircase to the Ecumenical Temple.
  7641 | Temple   | Entered the Ecumenical Temple
  8440 | D:6      | Noticed a two-headed ogre
  8451 | D:6      | Killed a two-headed ogre
  8607 | D:5      | Noticed a rust devil
  8607 | D:5      | Noticed a rust devil
  8613 | D:6      | HP: 1/41 [orc warrior (5)]
  8614 | D:6      | Mangled by an orc warrior
  8615 | D:6      | Reached XP level 8. HP: -12/38 MP: 10/20
  8776 | D:6      | Quit the game

Illustrated notes

Levels and vault maps discovered:
D:1:      eino_arrival_water_cross, layout_basic, amcnicky_mini_pool_small
D:2:      layout_loops_ring, hellmonk_ecumenical_altar_inner_sanctum,
          uniq_sigmund
D:3:      layout_basic, minmay_overflow_temple_star_quad,
          hellmonk_ghost_happy_afterlife, lightli_corner_chamber
D:4:      layout_loops_cross
D:5:      cheibrodos_iron_armory, layout_cave_pools,
          mainiacjoe_overflow_alcove_2, serial_glass, glass_columns_a,
          glass_columns_c, glass_columns_b, glass_columns_a
D:6:      cheibrodos_barr_body, layout_basic, minmay_temple_entry_proselytizer
Temple:   regret_index_temple_generic_petals

Skill      XL: |  1  2  3  4  5  6  7  8  9 |
---------------+----------------------------+-----
Conjurations   | 1 2 3 |  3.0
Air Magic      | 3 4 5 7 8 |  8.2
Fighting       | 1 2 3 4 5 |  5.8
Spellcasting   | 3 4 5 8 7 |  8.0
Dodging        | |  2.6
Stealth        | |  2.6

Action                   |  1- 3 |  4- 6 |  7- 9 || total
-------------------------+-------+-------+-------++-------
Melee: Unarmed           |     5 |     2 |    12 ||    19
       Bite              |       |     1 |     1 ||     2
 Cast: Shock             |    70 |   114 |   181 ||   365
       Airstrike         |       |       |    44 ||    44
Evoke: Wand              |       |       |     3 ||     3
Armor: Skin              |     1 |     2 |     3 ||     6
Dodge: Dodged            |    12 |    23 |    59 ||    94

Table legend: (Time is in decaauts)
 A = Elapsed time spent in this place.
 B = Non-inter-level travel time spent in this place.
 C = Inter-level travel time spent in this place.
 D = Time resting spent in this place.
 E = Time spent auto-exploring this place.
 F = Levels seen in this place.
 G = Mean time per level.
                   A        B        C        D        E       F      G
               +--------+--------+--------+--------+--------+-----+--------+
         Total |   7948 |   7657 |    291 |    138 |   6536 |   7 | 1135.4 |
       Dungeon |   7745 |   7481 |    264 |    138 |   6367 |   6 | 1290.8 |
        Temple |    202 |    175 |     27 |      0 |    169 |   1 |  202.0 |
               +--------+--------+--------+--------+--------+-----+--------+

Top non-repeatable levels by time:
     D:6: 2224 daAuts
     D:3: 1384 daAuts
     D:1: 1071 daAuts
     D:4: 1068 daAuts
     D:2: 1006 daAuts
     D:5: 990 daAuts
  Temple: 202 daAuts
